 Dungeon Crawl Stone Soup version 0.25-a0-523-g9afb2ee040 (webtiles) character file.

Game seed: 9070878197787558556, levelgen mode: deterministic

455 Defined the Changer (level 7, -2/56 HPs)
             Began as a Gnoll Wanderer on Feb 19, 2020.
             Was a Follower of Sif Muna.
             Killed themself with a badly aimed fireball (16 damage)
             ... on level 5 of the Dungeon.
             The game lasted 00:07:23 (3024 turns).

Defined the Changer (Gnoll Wanderer)                Turns: 3024, Time: 00:07:23

Health: -2/56      AC:  8    Str: 16    XL:     7   Next: 5%
Magic:  10/10      EV: 11    Int: 17    God:    Sif Muna [*.....]
Gold:   205        SH:  0    Dex: 12    Spells: 9/10 levels left

rFire    . . .     SeeInvis .   a - +0 hand crossbow
rCold    . . .     Gourm    .   (no shield)
rNeg     . . .     Faith    .   o - +0 ring mail
rPois    .         Spirit   .   e - +0 helmet
rElec    .         Reflect  .   (no cloak)
rCorr    .         Harm     .   p - +0 pair of gloves
MR       .....                  (no boots)
Stlth    +.........             (no amulet)
HPRegen  0.18/turn              (no ring)
MPRegen  0.12/turn              (no ring)

@: no status effects
A: distributed training, fangs 1, strong nose
a: Channel Magic, Renounce Religion


You were on level 5 of the Dungeon.
You worshipped Sif Muna.
Sif Muna was aware of your devotion.
You were not hungry.

You visited 1 branch of the dungeon, and saw 5 of its levels.

You collected 205 gold pieces.

Inventory:

Hand Weapons
 a - a +0 hand crossbow (weapon)
 l - a +0 spear
Missiles
 b - 55 stones
 c - 61 bolts (quivered)
Armour
 e - a +0 helmet (worn)
 o - a +0 ring mail (worn)
 p - a +0 pair of gloves (worn)
Jewellery
 y - a +2 ring of protection {unknown}
Wands
 d - a wand of random effects (15)
Scrolls
 g - a scroll of teleportation {unknown}
 h - 2 scrolls of amnesia {unknown}
 i - 4 scrolls of blinking {unknown}
 j - 2 scrolls of fear {unknown}
 k - a scroll of enchant armour {unknown}
 q - 2 scrolls of remove curse {unknown}
 t - a scroll of random uselessness {unknown}
 u - a scroll of enchant weapon {unknown}
 v - a scroll of immolation {unknown}
 w - 2 scrolls of identify {unknown}
Potions
 m - 2 potions of curing {unknown}
 n - a potion of cancellation {unknown}
 r - a potion of berserk rage {unknown}
 s - 3 potions of mutation {unknown}
 x - a potion of heal wounds {unknown}
Comestibles
 f - 10 rations
 z - a chunk of flesh


   Skills:
 + Level 5.1 Fighting
 + Level 2.2 Short Blades
 + Level 2.2 Long Blades
 + Level 2.2 Axes
 + Level 2.2 Maces & Flails
 + Level 2.2 Polearms
 + Level 2.2 Staves
 + Level 2.2 Slings
 + Level 2.2 Bows
 + Level 3.4 Crossbows
 + Level 3.4 Throwing
 + Level 5.1 Armour
 + Level 2.2 Dodging
 + Level 2.2 Stealth
 + Level 2.2 Shields
 + Level 2.2 Unarmed Combat
 + Level 2.2 Spellcasting
 + Level 1.7 Conjurations
 + Level 1.7 Hexes
 + Level 1.7 Charms
 + Level 1.7 Summonings
 + Level 1.7 Necromancy
 + Level 1.7 Translocations
 + Level 5.7 Transmutations
 + Level 1.7 Fire Magic
 + Level 1.7 Ice Magic
 + Level 1.7 Air Magic
 + Level 1.7 Earth Magic
 + Level 1.7 Poison Magic
 + Level 2.4 Invocations
 + Level 3.4 Evocations


You had 9 spell levels left.
You knew the following spells:

 Your Spells              Type           Power        Failure   Level  Hunger
a - Sandblast             Erth           #.....       17%         1    #......

Your spell library contained the following spells:

 Spells                   Type           Power        Failure   Level  Hunger
 Passwall                 Tmut/Erth      ##......     11%         2    ###....
 Stone Arrow              Conj/Erth      #.....       45%         3    ###....
 Petrify                  Tmut/Erth      ##......     58%         4    #####..
 Lee's Rapid Deconstruct  Erth           #.........   99%         5    ######.


Dungeon Overview and Level Annotations

Branches:
Dungeon (5/15)
 Temple: D:4-7

Altars:
Makhleb
Sif Muna
Vehumet


Innate Abilities, Weirdness & Mutations

Your experience applies equally to all skills.
You have very sharp teeth.
Your uncanny sense of smell can sniff out nearby items.


Message History

The gnoll closely misses you.
Firing (i - inventory. (/) - cycle)
c - 62 bolts (quivered)
Press: ? - help, Shift-Dir - straight line, f/p - ogre
Aim: an ogre, wielding a +0 giant spiked club (heavily wounded)
You shoot a bolt. The jackal barks!
The bolt hits the ogre.
The ogre is heavily wounded.
The ogre hits you with a +0 giant spiked club!!
Ouch! That really hurt!
* * * LOW HITPOINT WARNING * * *
The gnoll hits you but does no damage.
Evoke which item? (* to show all) (? for menu, Esc to quit)
Aiming: Random Effects
Press: ? - help, Shift-Dir - straight line, f/p - ogre
Aim: an ogre, wielding a +0 giant spiked club (heavily wounded)
The fireball explodes!
The fireball engulfs the ogre!
The ogre is almost dead.
The fireball engulfs you!
You die...

....# .../.
#.... .... #.
##... ...
#...#....
#.#...# #@O.(#
#.#g#.# #.# #
#.# ∆ ∆ #.# ∆
###.# ∆
###...#####
####...#.....#
###...#####....#
########


You could see an ogre and a gnoll.

Vanquished Creatures
  An ogre (D:4)
  A howler monkey (D:4)
  A crimson imp (D:2)
  A hound (D:4)
  An orc wizard (D:4)
  A worker ant (D:4)
  2 hound skeletons (D:4)
  10 adders
  An adder skeleton (D:4)
  5 worms
  2 dart slugs (D:1)
  A leopard gecko (D:3)
  10 orcs
  A ball python (D:2)
  4 bats
  2 giant cockroaches (D:3)
  8 goblins
  10 hobgoblins
  3 jackals (D:4)
  4 kobolds
  13 frilled lizards
  3 rats
85 creatures vanquished.

Notes
Turn   | Place    | Note
-------+----------+-------------------------------------------
     0 | D:1      | Defined the Gnoll Wanderer began the quest for the Orb.
     0 | D:1      | Defined set off with the following items: a +0 hand
                  | crossbow, 25 bolts, a wand of random effects (15), a +0
                  | robe, a ration; and the following spell memorised:
                  | Sandblast; and the following spells available to memorise:
                  | Passwall, Stone Arrow, Petrify, Lee's Rapid Deconstruction
     0 | D:1      | Reached XP level 1. HP: 20/20 MP: 2/2
    80 | D:1      | Reached XP level 2. HP: 26/26 MP: 3/3
   614 | D:2      | Reached XP level 3. HP: 23/31 MP: 4/4
   679 | D:2      | Reached skill level 1 in Invocations
   807 | D:2      | Found a radiant altar of Vehumet.
   957 | D:2      | Reached skill level 1 in Short Blades
   957 | D:2      | Reached skill level 1 in Long Blades
   957 | D:2      | Reached skill level 1 in Axes
   957 | D:2      | Reached skill level 1 in Maces & Flails
   957 | D:2      | Reached skill level 1 in Polearms
   957 | D:2      | Reached skill level 1 in Staves
   957 | D:2      | Reached skill level 1 in Slings
   957 | D:2      | Reached skill level 1 in Bows
   957 | D:2      | Reached skill level 1 in Dodging
   957 | D:2      | Reached skill level 1 in Stealth
   957 | D:2      | Reached skill level 1 in Shields
   957 | D:2      | Reached skill level 1 in Unarmed Combat
   957 | D:2      | Reached skill level 1 in Spellcasting
   957 | D:2      | Reached XP level 4. HP: 33/38 MP: 4/6
   968 | D:2      | Found a shimmering blue altar of Sif Muna.
   983 | D:2      | Became a worshipper of Sif Muna the Loreminder
  1120 | D:2      | Found a burning altar of Makhleb.
  1128 | D:2      | Reached skill level 1 in Conjurations
  1128 | D:2      | Reached skill level 1 in Hexes
  1128 | D:2      | Reached skill level 1 in Charms
  1128 | D:2      | Reached skill level 1 in Summonings
  1128 | D:2      | Reached skill level 1 in Necromancy
  1128 | D:2      | Reached skill level 1 in Translocations
  1128 | D:2      | Reached skill level 1 in Fire Magic
  1128 | D:2      | Reached skill level 1 in Ice Magic
  1128 | D:2      | Reached skill level 1 in Air Magic
  1128 | D:2      | Reached skill level 1 in Earth Magic
  1128 | D:2      | Reached skill level 1 in Poison Magic
  1649 | D:3      | Reached XP level 5. HP: 43/43 MP: 5/7
  2244 | D:3      | Reached * piety under Sif Muna
  2522 | D:4      | Reached XP level 6. HP: 50/50 MP: 8/8
  2710 | D:4      | Reached skill level 5 in Fighting
  2710 | D:4      | Reached skill level 5 in Armour
  2909 | D:4      | Reached XP level 7. HP: 54/56 MP: 10/10
  2973 | D:5      | Entered Level 5 of the Dungeon
  3024 | D:5      | Killed themself with a badly aimed fireball

Levels and vault maps discovered:
D:1:      lemuel_arrival_behind_the_door_large, layout_rooms, serial_curves,
          eino_curves_03, eino_curves_03
D:2:      layout_basic, lemuel_crystal_altar, makhleb_grotto_becter,
          fiery_altar_vehumet, minmay_lizard_pond
D:3:      layout_loops_ring, first_ration, st_stairs_14,
          minmay_misc_feat_enclosed, minmay_fractal_squares_gapless_5
D:4:      layout_rooms, minmay_stone_trees_small
D:5:      layout_cave_pods, kennysheep_mini_moat, ebering_ghost_sewer_f,
          minmay_increasing_density

Skill      XL: |  1  2  3  4  5  6 |
---------------+-------------------+-----
Invocations    | 1 2 |  2.4
Short Blades   | 1 2 |  2.2
Long Blades    | 1 2 |  2.2
Axes           | 1 2 |  2.2
Maces & Flails | 1 2 |  2.2
Polearms       | 1 2 |  2.2
Staves         | 1 2 |  2.2
Slings         | 1 2 |  2.2
Bows           | 1 2 |  2.2
Dodging        | 1 2 |  2.2
Stealth        | 1 2 |  2.2
Shields        | 1 2 |  2.2
Unarmed Combat | 1 2 |  2.2
Spellcasting   | 1 2 |  2.2
Conjurations   | 1 |  1.7
Hexes          | 1 |  1.7
Charms         | 1 |  1.7
Summonings     | 1 |  1.7
Necromancy     | 1 |  1.7
Translocations | 1 |  1.7
Fire Magic     | 1 |  1.7
Ice Magic      | 1 |  1.7
Air Magic      | 1 |  1.7
Earth Magic    | 1 |  1.7
Poison Magic   | 1 |  1.7
Crossbows      | 3 |  3.4
Throwing       | 3 |  3.4
Evocations     | 3 |  3.4
Fighting       | 5 |  5.1
Armour         | 5 |  5.1
Transmutations | |  5.7

Action                   |  1- 3 |  4- 6 |  7- 9 || total
-------------------------+-------+-------+-------++-------
 Fire: Hand crossbow     |    81 |   168 |     4 ||   253
 Cast: Sandblast         |       |    11 |       ||    11
  Eat: Chunk             |       |     6 |     1 ||     7
Armor: Ring mail         |    21 |    42 |     1 ||    64
       Robe              |     1 |       |       ||     1
Dodge: Dodged            |    29 |    70 |     3 ||   102

Table legend:
 A = Non-vault XP
 B = Vault XP
 C = Vault XP percentage of total XP
 D = Non-vault monster count
 E = Vault monster count
 F = Vault count percentage of total count
                 A         B        C        D         E       F
            +---------+---------+-------+---------+---------+-------
      Total |     562 |      88 |  13.5 |      71 |      14 |  16.5
            +---------+---------+-------+---------+---------+-------
        D:1 |      24 |       0 |   0.0 |      11 |       0 |   0.0
        D:2 |      87 |      53 |  37.9 |      20 |       8 |  28.6
        D:3 |      68 |      35 |  34.0 |      21 |       6 |  22.2
        D:4 |     370 |       0 |   0.0 |      18 |       0 |   0.0
        D:5 |      13 |       0 |   0.0 |       1 |       0 |   0.0
            +---------+---------+-------+---------+---------+-------
